 Dungeon Crawl Stone Soup version 0.21-a0-404-g291f19a (webtiles) character file.

2206 Jorbantar the Grappler (level 9, -5/88 HPs)
             Began as a Troll Monk on Oct 27, 2017.
             Slain by kkknotok's ghost (10 damage)
             ... on level 7 of the Dungeon.
             The game lasted 00:12:58 (4715 turns).

Jorbantar the Grappler (Troll Monk)                 Turns: 4715, Time: 00:12:59

Health: -5/88      AC:  5    Str: 24    XL:     9   Next: 12%
Magic:  8/8        EV:  7    Int:  9    God:
Gold:   70         SH: 14    Dex: 12    Spells: 8/8 levels left

rFire    . . .     SeeInvis .     - Unarmed
rCold    . . .     Gourm    +   u - +0 large shield
rNeg     . . .     Faith    .   a - +0 robe
rPois    .         Spirit   .   (helmet restricted)
rElec    .         Reflect  .   (no cloak)
rCorr    .         Harm     .   (gloves unavailable)
MR       .....                  (boots unavailable)
Stlth    +.........             q - amulet of regeneration
HPRegen  1.04/turn              f - +3 ring of strength
MPRegen  0.11/turn              (no ring)

@: drained
A: unfitting armour, claws 3, fast metabolism 3, gourmand, regeneration 1,
shaggy fur 1, tough skin 2
a: no special abilities


You were on level 7 of the Dungeon.
You were very full.

You visited 1 branch of the dungeon, and saw 7 of its levels.
You also visited: Sewer.

You collected 299 gold pieces.
You spent 229 gold pieces at shops.

Inventory:

Armour
 a - a +0 robe (worn)
 u - a +0 large shield (worn)
Jewellery
 f - a +3 ring of strength (left claw)
 q - an amulet of regeneration (around neck)
 y - the amulet of Vyntosal {Spirit rPois Str-3 Dex+4}
   (You found it on level 6 of the Dungeon)

   [amulet of guardian spirit]

   It causes incoming damage to be split between your health and magic.
   It affects your strength (-3).
   It affects your dexterity (+4).
   It protects you from poison.
Wands
 t - a wand of random effects (8/48)
 v - a wand of polymorph (0/24)
Scrolls
 c - 6 scrolls of identify
 d - 2 scrolls of teleportation
 e - 5 scrolls of remove curse
 h - 2 scrolls of magic mapping
 j - 3 scrolls of immolation {unknown}
 l - 2 scrolls of amnesia
 p - 4 scrolls of recharging {unknown}
 w - a scroll of enchant armour {unknown}
 C - a scroll of fog {unknown}
Potions
 g - 8 potions of heal wounds
 i - 5 potions of agility {unknown}
 k - 8 potions of curing
 m - 4 potions of brilliance {unknown}
 n - 3 potions of flight {unknown}
 s - a potion of resistance {unknown}
 z - a potion of might {unknown}
 A - a potion of degeneration
Comestibles
 b - 7 bread rations
 o - a royal jelly
 r - 2 meat rations
 x - 2 fruits
 B - 2 chunks of flesh


   Skills:
 + Level 5.3(4.5) Fighting
 + Level 5.3(4.4) Dodging
 - Level 1.0(0.2) Stealth
 + Level 3.1(2.2) Shields
 * Level 8.6(7.7) Unarmed Combat
 - Level 0.2(0.0) Spellcasting


You had 8 spell levels left.
You didn't know any spells.

Dungeon Overview and Level Annotations

Branches:
Dungeon (7/15)
 Temple: D:4-7

Altars:
Ashenzari
Dithmenos
Fedhas
Hepliaklqana
Kikubaaqudgha
Nemelex Xobeh
Trog
Yredelemnul

Shops:
D:5 [   D:6 !

Annotations:
D:7 kkknotok's ghost, novice TrCK


Innate Abilities, Weirdness & Mutations

You are too large for most types of armour.
You have claws for hands.
Your metabolism is lightning-fast.
You like to eat raw meat.
Your natural rate of healing is unusually fast.
You are covered in fur. (AC +1)
You have very tough skin. (AC +2)


Message History

Kkknotok's ghost is lightly damaged.
You block kkknotok's ghost's attack.
You claw kkknotok's ghost!
Kkknotok's ghost is lightly damaged.
You block kkknotok's ghost's attack.
You completely miss kkknotok's ghost.
Kkknotok's ghost is lightly damaged.
You block kkknotok's ghost's attack.
You closely miss kkknotok's ghost.
Kkknotok's ghost is lightly damaged.
You block kkknotok's ghost's attack.
You scratch kkknotok's ghost.
Kkknotok's ghost is moderately damaged.
Kkknotok's ghost hits you!!
* * * LOW HITPOINT WARNING * * *
You claw kkknotok's ghost!
Kkknotok's ghost is moderately damaged.
Kkknotok's ghost reminisces, "I miss the gifts and the pranks."
Kkknotok's ghost hits you!
You die...

#........+.........#
#........#.........#
##......##......†..#
####+####...##....#
....#######....#
.........#.....#
.........#.....#
.........'.....#
..##W@)##...##
#.))##...#
#..........#
#.........##
#..>......#
##...##...# #...#
...# ...?. ...


You could see kkknotok's ghost.

Vanquished Creatures
  Grinder (D:5)
  An ogre (D:7)
  An orc warrior (D:5)
  A black bear (D:7)
  3 big kobolds (Sewer)
  3 bullfrogs
  4 scorpions
  6 wights
  2 howler monkeys
  3 crimson imps
  The ghost of jhonbiscuit the Sneak, a weakling SpAs (Sewer)
  3 orc priests
  Ijyb (D:5)
  4 orc wizards
  A centaur skeleton (D:5)
  A bullfrog skeleton (D:6)
  3 worker ants
  An iguana (D:5)
  8 adders
  7 gnolls
  A river rat (D:3)
  4 oozes
  3 worms
  2 dart slugs (D:4)
  3 leopard geckos
  12 orcs
  4 ball pythons
  8 giant cockroaches
  6 goblins
  8 hobgoblins
  12 jackals
  A quokka (D:6)
  6 bats
  11 frilled lizards
  21 kobolds
  A quokka skeleton (D:6)
  9 rats
167 creatures vanquished.

Notes
Turn   | Place    | Note
-------+----------+-------------------------------------------
     0 | D:1      | Jorbantar the Troll Monk began the quest for the Orb.
     0 | D:1      | Reached XP level 1. HP: 22/22 MP: 0/0
   218 | D:1      | Reached XP level 2. HP: 29/29 MP: 1/1
   357 | D:1      | Reached XP level 3. HP: 36/36 MP: 2/2
  1185 | D:2      | Found an ancient bone altar of Kikubaaqudgha.
  1414 | D:2      | Reached XP level 4. HP: 17/45 MP: 3/3
  1417 | D:2      | Reached skill level 4 in Unarmed Combat
  1835 | D:2      | Reached XP level 5. HP: 45/53 MP: 4/4
  2047 | D:3      | Found a glowing drain.
  2075 | Sewer    | Entered a sewer
  2127 | Sewer    | Noticed jhonbiscuit's ghost (weakling SpAs)
  2139 | Sewer    | Killed jhonbiscuit's ghost
  2139 | Sewer    | Reached skill level 5 in Unarmed Combat
  2175 | Sewer    | Reached XP level 6. HP: 56/61 MP: 5/5
  2745 | D:4      | Found a blossoming altar of Fedhas.
  2747 | D:4      | Found a shattered altar of Ashenzari.
  2752 | D:4      | Found a sparkling altar of Nemelex Xobeh.
  2753 | D:4      | Found a shadowy altar of Dithmenos.
  2753 | D:4      | Found a hazy altar of Hepliaklqana.
  2754 | D:4      | Found a basalt altar of Yredelemnul.
  2756 | D:4      | Found a bloodstained altar of Trog.
  2828 | D:4      | Reached XP level 7. HP: 68/68 MP: 6/6
  2929 | D:4      | Reached skill level 6 in Unarmed Combat
  3076 | D:5      | Entered Level 5 of the Dungeon
  3174 | D:5      | Found Dube's Antique Armour Emporium.
  3182 | D:5      | Bought a large shield for 112 gold pieces
  3208 | D:5      | Noticed Ijyb
  3263 | D:5      | Killed Ijyb
  3479 | D:5      | Noticed Grinder
  3503 | D:5      | Killed Grinder
  3503 | D:5      | Reached skill level 1 in Shields
  3503 | D:5      | Reached skill level 7 in Unarmed Combat
  3503 | D:5      | Reached XP level 8. HP: 69/79 MP: 7/7
  3956 | D:6      | Reached skill level 5 in Fighting
  4000 | D:6      | Reached skill level 8 in Unarmed Combat
  4018 | D:6      | Reached skill level 5 in Dodging
  4081 | D:6      | Found Mocuvami's Distillery.
  4087 | D:6      | Bought a potion of curing for 39 gold pieces
  4087 | D:6      | Bought a potion of heal wounds for 65 gold pieces
  4087 | D:6      | Bought a potion of degeneration for 13 gold pieces
  4127 | D:6      | Got a scintillating bone amulet
  4159 | D:6      | Identified the amulet of Vyntosal {Spirit rPois Str-3 Dex+4} (You found it on level 6 of the Dungeon)
  4656 | D:7      | Reached XP level 9. HP: 78/88 MP: 8/8
  4702 | D:7      | Noticed kkknotok's ghost (novice TrCK)
  4714 | D:7      | HP: 4/88 [kkknotok's ghost (23)]
  4715 | D:7      | Slain by kkknotok's ghost

Vault maps used:
D:1:      dpeg_chamrin_arrival_tetris
D:2:      lemuel_upstairs_altar, lemuel_doored_altar, kennysheep_generic_room_12
D:3:      portal_sewer_entry_b, lemuel_another_geyser
D:4:      minitemple, first_bread, minmay_stone_trees_medium
D:5:      serial_shops, shop, minivault_14, guppyfry_early_orc_mine,
          uniq_grinder, uniq_ijyb
D:6:      serial_shops, shop_statue
D:7:      minmay_temple_entry_nine_rooms, grunt_ogre_cave
Sewer:    kennysheep_pipe_town

Skill      XL: |  1  2  3  4  5  6  7  8  9 |
---------------+----------------------------+-----
Fighting       | 3 4 5 |  5.3
Unarmed Combat | 4 5 7 8 |  8.6
Dodging        | 3 4 5 |  5.3
Shields        | 1 2 3 |  3.1
Stealth        | |  1.0
Spellcasting   | |  0.2

Action                   |  1- 3 |  4- 6 |  7- 9 || total
-------------------------+-------+-------+-------++-------
Melee: Unarmed           |    94 |   187 |   279 ||   560
       Punch             |     1 |     7 |     1 ||     9
Evoke: Wand              |       |       |     7 ||     7
  Use: Scroll            |       |     4 |     1 ||     5
 Stab: Sleeping          |     5 |     4 |       ||     9
  Eat: Chunk             |    16 |    12 |    21 ||    49
Armor: Robe              |    30 |    58 |    42 ||   130
Dodge: Dodged            |    47 |   124 |    67 ||   238
Block: Large shield      |       |       |   104 ||   104

Table legend:
 A = Spawn XP
 B = Non-spawn XP
 C = Spawn XP percentage of total XP
 D = Spawn monster count
 E = Non-spawn monster count
 F = Spawn count percentage of total count
 G = Total turns spent on level
                    A         B        C        D         E        F      G
               +---------+---------+-------+---------+---------+-------+---------
         Total |       0 |    3152 |   0.0 |       0 |     167 |   0.0 |  4715
               +---------+---------+-------+---------+---------+-------+---------
           D:1 |       0 |      55 |   0.0 |       0 |      26 |   0.0 |   867
           D:2 |       0 |     149 |   0.0 |       0 |      24 |   0.0 |   969
           D:3 |       0 |     119 |   0.0 |       0 |      28 |   0.0 |   509
           D:4 |       0 |      76 |   0.0 |       0 |      10 |   0.0 |   423
           D:5 |       0 |    1056 |   0.0 |       0 |      27 |   0.0 |   696
           D:6 |       0 |     772 |   0.0 |       0 |      19 |   0.0 |   864
           D:7 |       0 |     540 |   0.0 |       0 |       8 |   0.0 |    79
         Sewer |       0 |     385 |   0.0 |       0 |      25 |   0.0 |   308
               +---------+---------+-------+---------+---------+-------+---------
